 Dungeon Crawl Stone Soup version 0.30-a0-632-g346586fe48 (webtiles) character file.

Game seed: 14071480110942792909

4916 Newt the Skirmisher (level 10, 0/60 HPs)
             Began as a Kobold Hunter on Jan 13, 2023.
             Was a High Priest of Okawaru.
             Slain by a two-headed ogre
             ... wielding a +0 giant club
              (11 damage)
             ... on level 8 of the Dungeon.
             The game lasted 00:11:57 (8879 turns).

Newt the Skirmisher (Kobold Hunter)                 Turns: 8879, Time: 00:11:58

Health: 0/60       AC: 11    Str: 11    XL:     10   Next: 80%
Magic:  18/18      EV: 22    Int: 11    God:    Okawaru [*****.]
Gold:   345        SH:  0    Dex: 23    Spells: 16/20 levels left

rFire   . . .      SeeInvis .    a - +1 shortbow
rCold   . . .      Faith    .    (shield currently unavailable)
rNeg    . . .      Spirit   .    B - +1 acid dragon scales
rPois   .          Reflect  .    (no helmet)
rElec   .          Harm     .    (no cloak)
rCorr   +          Rampage  .    i - +2 pair of gloves {Str+3}
Will    .....                    v - +0 pair of boots
Stlth   +++                      (no amulet)
HPRegen 0.30/turn                x - +5 ring of evasion
MPRegen 0.16/turn                o - ring of wizardry

@: no status effects
A: small, no large weapons, nightstalker 3
a: Renounce Religion, Heroism, Finesse, Duel


You were on level 8 of the Dungeon.
You worshipped Okawaru.
Okawaru was extremely pleased with you.
You visited 1 branch of the dungeon, and saw 8 of its levels.

You collected 369 gold pieces.
You spent 24 gold pieces at shops.

Inventory:

Hand Weapons
 a - a +1 shortbow (weapon)
 f - a +1 dagger of venom
Missiles
 y - 2 curare-tipped darts
Armour
 c - a +0 leather armour
 i - a +2 pair of gloves of strength (worn)
 v - a +0 pair of boots (worn)
 B - +1 acid dragon scales (worn)
Jewellery
 o - a ring of wizardry (right hand)
 w - a ring of protection from cold
 x - a +5 ring of evasion (left hand)
Wands
 g - a wand of flame (34)
 j - a wand of polymorph (15)
Scrolls
 b - a scroll of immolation
 d - 6 scrolls of teleportation
 h - 2 scrolls of noise
 s - a scroll of fear
 C - a scroll of blinking
Potions
 e - 2 potions of haste
 k - a potion of magic
 l - a potion of flight {unknown}
 m - 2 potions of ambrosia {unknown}
 n - 3 potions of brilliance
 q - a potion of attraction {unknown}
 r - a potion of invisibility {unknown}
 t - 2 potions of degeneration {unknown}
 u - 2 potions of curing {unknown}
 D - a potion of might {unknown}
 E - a potion of lignification {unknown}


   Skills:
 - Level 6.0 Fighting
 - Level 14.0 Ranged Weapons
 - Level 5.0 Dodging
 - Level 3.0 Stealth
 + Level 5.6 Spellcasting
 + Level 5.6 Poison Magic
 - Level 5.0 Evocations


You had 16 spell levels left.
You knew the following spells:

 Your Spells              Type           Power      Damage    Failure   Level
a - Olgreb's Toxic Radia  Pois           15%        N/A       12%         4

Your spell library contained the following spells:

 Spells                   Type           Power      Damage    Failure   Level
 Sting                    Tmut/Pois      36%        1d4       4%          1
 Poisonous Vapours        Pois/Air       18%        N/A       6%          2
 Petrify                  Tmut/Erth      3%         N/A       75%         4
 Metabolic Englaciation   Hex/Ice        1%         N/A       96%         5
 Statue Form              Tmut/Erth      2%         N/A       100%        6
 Storm Form               Tmut/Air       1%         N/A       100%        7
 Maxwell's Capacitive Co  Air            1%         ∞         100%        8
 Summon Lightning Spire   Summ/Air       Unusable   N/A       N/A         4

Dungeon Overview and Level Annotations

Branches:
Dungeon (8/15)             Temple (0/1) D:4
   Lair: D:8-11

Altars:
Elyvilon
Makhleb
Okawaru
Qazlal
Vehumet
Zin

Shops:
D:2 *


Innate Abilities, Weirdness & Mutations

You are small and have problems with some larger weapons.
You are completely attuned to the shadows.


Message History

The two-headed ogre resists.
The two-headed ogre is heavily wounded.
The two-headed ogre completely misses you. x2
Throw: 3 darts (atropa)
Press: ? - help, Shift-Dir - straight line, f/p - two-headed ogre
Aim: a two-headed ogre, wielding a +0 giant club and a +0 giant spiked club (heavily wounded, 79% to hit, chance to blind on hit: 3%)
You throw an atropa-tipped dart.
The atropa-tipped dart hits the two-headed ogre.
The two-headed ogre resists.
The two-headed ogre is heavily wounded.
The two-headed ogre closely misses you.
The two-headed ogre completely misses you.
Throw: 2 darts (atropa)
Press: ? - help, Shift-Dir - straight line, f/p - two-headed ogre
Aim: a two-headed ogre, wielding a +0 giant club and a +0 giant spiked club (heavily wounded, 79% to hit, chance to blind on hit: 3%)
You throw an atropa-tipped dart.
The atropa-tipped dart completely misses the two-headed ogre.
Throw: dart (atropa)
Press: ? - help, Shift-Dir - straight line, f/p - two-headed ogre
Aim: a two-headed ogre, wielding a +0 giant club and a +0 giant spiked club (heavily wounded, 79% to hit, chance to blind on hit: 3%)
You throw an atropa-tipped dart.
The atropa-tipped dart hits the two-headed ogre.
The two-headed ogre resists.
The two-headed ogre is heavily wounded.
The two-headed ogre closely misses you. The two-headed ogre misses you.
Throw: 3 darts (curare)
Press: ? - help, Shift-Dir - straight line, f/p - two-headed ogre
Aim: a two-headed ogre, wielding a +0 giant club and a +0 giant spiked club (heavily wounded, 79% to hit)
You throw a curare-tipped dart.
The curare-tipped dart hits the two-headed ogre.
The two-headed ogre is poisoned.
The two-headed ogre convulses.
The two-headed ogre seems to slow down.
The two-headed ogre is severely wounded.
Fire: a) +1 shortbow
Press: ? - help, Q - select action, (/) - cycle Shift-Dir - straight line, f/p - two-headed ogre
Aim: a two-headed ogre, wielding a +0 giant club and a +0 giant spiked club (severely wounded, very poisoned, slow, 82% to hit)
You shoot an arrow. The arrow hits the two-headed ogre!
The two-headed ogre is almost dead.
The two-headed ogre hits you with a +0 giant club!
You die...

#..... #.....
####(.... .........
........##.######
.#.#O#####.##...##
# #@# #.#.....##
#)# #........# #.#
#........# #.#
#....<...# #.#
###.......##
#.###...>.......
#.#)..##.......#
####.).####....####
####.......## #...


You could see a two-headed ogre (very poisoned, slow).

Vanquished Creatures
  Pikel (D:8)
  Joseph (D:7)
  The ghost of voltaire321 the Ducker, a novice MfGl (D:5)
  Maggie (D:6)
  Prince Ribbit (D:6)
  Sigmund (D:4)
  Eustachio (D:6)
  A steam dragon (D:7)
  Menkaure (D:7)
  A water moccasin (D:6)
  2 orc warriors
  2 sky beasts (D:7)
  4 ogres
  An ice beast (D:5)
  2 black bears (D:6)
  A centaur (D:6)
  2 lemures (D:8)
  2 phantoms (D:5)
  A wyvern zombie (D:5)
  2 necrophages (D:4)
  4 scorpions
  5 killer bees (D:7)
  2 howler monkeys
  An electric eel (D:6)
  4 hounds
  3 jellies
  2 centaur skeletons (D:5)
  3 orc priests
  5 iguanas
  6 orc wizards
  4 gnolls (D:5)
  9 adders
  A white imp (D:4)
  A worm (D:5)
  4 dart slugs
  27 orcs
  7 ball pythons
  3 endoplasms
  3 giant cockroaches
  7 goblins
  10 hobgoblins
  4 quokkas
  8 bats
  3 frilled lizards
  8 kobolds
  9 rats
172 creatures vanquished.

Vanquished Creatures (others)
  38 plants (D:6)
38 creatures vanquished.

Grand Total: 210 creatures vanquished

Notes
Turn   | Place    | Note
-------+----------+-------------------------------------------
     0 | D:1      | Newt the Kobold Hunter began the quest for the Orb.
     0 | D:1      | Reached XP level 1. HP: 12/12 MP: 1/1
    48 | D:1      | Reached XP level 2. HP: 17/17 MP: 2/2
   227 | D:1      | Reached XP level 3. HP: 21/21 MP: 3/3
   308 | D:1      | Reached skill level 6 in Ranged Weapons
   466 | D:1      | Found a faded altar of an unknown god.
   772 | D:1      | Prayed at the altar of an unknown god.
   772 | D:1      | Became a worshipper of Warmaster Okawaru
   772 | D:1      | Reached * piety under Okawaru
   961 | D:2      | Found Siuff's Assorted Antiques.
   977 | D:2      | Bought a scroll labelled CULAICI ARAI for 24 gold pieces
  1010 | D:2      | Reached XP level 4. HP: 21/26 MP: 4/4
  1348 | D:3      | Reached skill level 7 in Ranged Weapons
  1560 | D:3      | Found a white marble altar of Elyvilon.
  2062 | D:4      | Noticed a necrophage
  2067 | D:4      | Noticed a scorpion
  2068 | D:4      | Killed a necrophage
  2069 | D:4      | Reached skill level 8 in Ranged Weapons
  2069 | D:4      | Reached XP level 5. HP: 21/31 MP: 5/5
  2112 | D:4      | Reached ** piety under Okawaru
  2113 | D:4      | Reached XP level 6. HP: 14/37 MP: 6/6
  2342 | D:4      | Noticed Sigmund
  2349 | D:4      | Killed Sigmund
  2380 | D:4      | Noticed an ogre
  2400 | D:4      | Reached XP level 7. HP: 8/43 MP: 7/7
  2416 | D:4      | Reached skill level 5 in Dodging
  2835 | D:4      | Reached skill level 9 in Ranged Weapons
  3390 | D:4      | Reached skill level 10 in Ranged Weapons
  3390 | D:4      | Reached XP level 8. HP: 48/48 MP: 8/8
  3422 | D:4      | Reached *** piety under Okawaru
  3572 | D:4      | Found a staircase to the Ecumenical Temple.
  3669 | D:5      | Entered Level 5 of the Dungeon
  3686 | D:5      | Reached skill level 11 in Ranged Weapons
  3921 | D:5      | Found a transporter.
  3922 | D:5      | Noticed voltaire321's ghost (novice MfGl)
  4436 | D:5      | Found a transporter.
  4535 | D:5      | Reached skill level 12 in Ranged Weapons
  4836 | D:5      | Found a stormy altar of Qazlal.
  4998 | D:5      | Killed voltaire321's ghost
  4999 | D:5      | Reached skill level 13 in Ranged Weapons
  4999 | D:5      | Reached XP level 9. HP: 8/52 MP: 9/9
  5323 | D:6      | Reached skill level 14 in Ranged Weapons
  5323 | D:6      | Reached skill level 1 in Evocations
  5327 | D:6      | Reached **** piety under Okawaru
  5456 | D:6      | Found a radiant altar of Vehumet.
  5513 | D:6      | Noticed Eustachio
  5546 | D:6      | Killed Eustachio
  5546 | D:6      | Received a gift from Okawaru
  5547 | D:6      | Reached skill level 5 in Evocations
  5768 | D:6      | Reached skill level 5 in Fighting
  5812 | D:6      | Found a glowing silver altar of Zin.
  5812 | D:6      | Found a burning altar of Makhleb.
  5813 | D:6      | Noticed a green death
  5813 | D:6      | Noticed an angel
  6142 | D:6      | Noticed Maggie
  6402 | D:6      | Noticed Prince Ribbit
  6412 | D:6      | Killed Prince Ribbit
  6413 | D:6      | Reached skill level 1 in Spellcasting
  6413 | D:6      | Reached skill level 1 in Poison Magic
  6413 | D:6      | Reached XP level 10. HP: 47/60 MP: 9/11
  6631 | D:6      | HP: 3/60 [Maggie/+0 glaive (5)]
  6635 | D:6      | Killed Maggie
  6846 | D:6      | Learned a level 4 spell: Olgreb's Toxic Radiance
  7046 | D:7      | Noticed Joseph
  7062 | D:7      | Killed Joseph
  7478 | D:7      | Noticed Menkaure
  7484 | D:7      | Killed Menkaure
  8566 | D:7      | Reached ***** piety under Okawaru
  8567 | D:7      | Reached skill level 5 in Spellcasting
  8567 | D:7      | Reached skill level 5 in Poison Magic
  8783 | D:8      | Noticed Pikel
  8796 | D:8      | Killed Pikel
  8860 | D:8      | Noticed a two-headed ogre
  8879 | D:8      | Slain by a two-headed ogre

Illustrated notes

Levels and vault maps discovered:
D:1:      lightli_arrival_isolated_outpost, layout_basic,
          shapermc_ecumenical_altar_venn, st_stairs_10
D:2:      layout_rooms, serial_shops, shop
D:3:      layout_basic, elyvilon_altar_4, nrook_mini_vaults
D:4:      minmay_chambers_of_twos, layout_cave_pools,
          minmay_temple_entry_poolview, uniq_sigmund
D:5:      layout_basic, nicolae_qazlal_eye_of_the_storm,
          gammafunk_ghost_mausoleum
D:6:      layout_loops_ring, grunt_temple_overflow_order_and_chaos_2,
          lemuel_doored_altar, serial_bayou, serial_bayou_pond_b,
          serial_bayou_lagoon_b, serial_bayou_ford_a, serial_bayou_pond_b,
          grunt_ministairs_10, lemuel_flamethrower_2, uniq_eustachio,
          uniq_prince_ribbit1, uniq_maggie
D:7:      layout_rooms, serial_glass, glass_columns_b, glass_columns_a,
          uniq_menkaure, uniq_joseph
D:8:      layout_rooms, mainiacjoe_overflow_brackets, lair_entry_dummy,
          nicolae_ossuary_entry_ruins, serial_shops, nicolae_square_shop,
          minmay_misc_feat_alley, uniq_pikel

Skill      XL: |  1  2  3  4  5  6  7  8  9 10 |
---------------+-------------------------------+-----
Stealth        | 2 3 |  3.0
Ranged Weapons | 6 8 10 13 14 | 14.0
Fighting       | 3 4 6 |  6.0
Dodging        | 4 5 |  5.0
Evocations     | 5 |  5.0
Spellcasting   | 1 5 |  5.6
Poison Magic   | 1 5 |  5.6

Action                   |  1- 3 |  4- 6 |  7- 9 | 10-12 || total
-------------------------+-------+-------+-------+-------++-------
 Fire: Shortbow          |    86 |   100 |   302 |   157 ||   645
Throw: Dart              |       |       |       |    10 ||    10
 Cast: Olgreb's Toxic Ra |       |       |       |     4 ||     4
Invok: Heroism           |       |       |     2 |       ||     2
  Use: Scroll            |     3 |     5 |     2 |     3 ||    13
       Potion            |       |       |     2 |       ||     2
Armor: Leather armour    |    14 |    23 |    38 |       ||    75
       Acid dragon scale |       |       |       |    18 ||    18
Dodge: Dodged            |    47 |    65 |   126 |    78 ||   316

Table legend: (Time is in decaauts)
 A = Elapsed time spent in this place.
 B = Non-inter-level travel time spent in this place.
 C = Inter-level travel time spent in this place.
 D = Time resting spent in this place.
 E = Time spent auto-exploring this place.
 F = Levels seen in this place.
 G = Mean time per level.
                   A        B        C        D        E       F      G
               +--------+--------+--------+--------+--------+-----+--------+
         Total |   8883 |   8657 |    226 |   3203 |   4406 |   8 | 1110.4 |
       Dungeon |   8883 |   8657 |    226 |   3203 |   4406 |   8 | 1110.4 |
               +--------+--------+--------+--------+--------+-----+--------+

Top non-repeatable levels by time:
     D:7: 1825 daAuts
     D:5: 1606 daAuts
     D:6: 1602 daAuts
     D:4: 1580 daAuts
     D:1: 852 daAuts
     D:3: 774 daAuts
     D:2: 513 daAuts
     D:8: 128 daAuts
